[Event "Titled Tuesday Blitz June 13 Late 2023"]
[White "Girsh, Daniel"]
[Black "Spichkin, Alexander"]
[WhiteFideId "30949190"]
[BlackFideId "4144074"]
[WhiteElo "2075"]
[BlackElo "1986"]
[Result "1-0"]
[Round "4"]
[TimeControl "180+2"]
[Date "2023.06.13"]
[WhiteClock "0:01:00"]
[BlackClock "0:01:06"]
[Board "143"]

1. c4 f5 2. Nc3 Nf6 3. g3 d6 4. Bg2 e5 5. Nf3 Be7 6. O-O O-O 7. d4 Nc6 8. dxe5 Nxe5 9. Nxe5 dxe5 10. Qxd8 Rxd8 11. Bg5 c6 12. b3 h6 13. Bxf6 Bxf6 14. e4 Rd3 15. Ne2 Be6 16. Bh3 g6 17. exf5 gxf5 18. Rfe1 e4 19. Nf4 Bxa1 20. Nxd3 Bc3 21. Rc1 exd3 22. Rxc3 Rd8 23. Rc1 d2 24. Rd1 b5 25. cxb5 cxb5 26. Kf1 a5 27. Ke2 a4 28. Rxd2 Rxd2+ 29. Kxd2 axb3 30. axb3 Bxb3 31. Bxf5 Bc4 32. Kc3 Kg7 33. Kb4 Kf6 34. Bd7 Ke5 35. Bxb5 Bd5 36. Kc3 Ke4 37. Be2 Be6 38. Kd2 Bh3 39. f3+ Kd4 40. Bd1 Be6 41. Bc2 Bh3 42. f4 h5 43. Bd1 h4 44. Bf3 hxg3 45. hxg3 Bd7 46. g4 Bc8 47. g5 Bf5 48. Ke2 Bh3 49. Kf2 Bd7 50. Kg3 Ke3 51. Bd5 Bf5 52. Bf7 1-0


[Site "https://www.chess.com"]

[Event "Titled Tuesday Blitz June 13 Late 2023"]
[White "Haszon, David"]
[Black "Zhou, Qiyu"]
[WhiteFideId "733610"]
[BlackFideId "505161"]
[WhiteElo "2210"]
[BlackElo "2101"]
[Result "1-0"]
[Round "4"]
[TimeControl "180+2"]
[Date "2023.06.13"]
[WhiteClock "0:00:34"]
[BlackClock "0:00:27"]
[Board "144"]

1. d4 Nf6 2. Nf3 d5 3. Bf4 e6 4. e3 Bd6 5. Bg3 O-O 6. Nbd2 c5 7. c3 Nc6 8. Bd3 Qe7 9. Ne5 Nd7 10. Nxd7 Bxd7 11. Bxd6 Qxd6 12. dxc5 Qxc5 13. Bxh7+ Kxh7 14. Qh5+ Kg8 15. Ne4 Qc4 16. Ng5 Qd3 17. e4 Rfd8 18. Qxf7+ Kh8 19. h4 Ne5 20. Qh5+ Kg8 21. Rd1 Qc2 22. O-O Be8 23. Qh7+ Kf8 24. Nxe6+ Ke7 25. Nxd8 Rxd8 26. Qxg7+ Nf7 27. exd5 Qf5 28. Rfe1+ Kd7 29. Qd4 b6 30. Qa4+ Kc7 31. Qxa7+ Kd6 32. Qxb6+ 1-0


[Site "https://www.chess.com"]

[Event "Titled Tuesday Blitz June 13 Late 2023"]
[White "Yolosz"]
[Black "Toniutti, Ezio"]
[BlackFideId "113034"]
[WhiteElo "2349"]
[BlackElo "2215"]
[Result "1-0"]
[Round "4"]
[TimeControl "180+2"]
[Date "2023.06.13"]
[WhiteClock "0:00:20"]
[BlackClock "0:00:11"]
[Board "145"]

1. d4 d5 2. Bf4 Nf6 3. e3 e6 4. Nf3 Bd6 5. Bg3 O-O 6. Bd3 c5 7. c3 Qc7 8. Nbd2 Nbd7 9. Qe2 e5 10. Nxe5 Nxe5 11. dxe5 Bxe5 12. Nf3 Bxg3 13. hxg3 h6 14. Qc2 Re8 15. O-O-O Bg4 16. Kb1 a5 17. Bf5 Bxf5 18. Qxf5 a4 19. a3 Ra6 20. Rh4 Qc8 21. Qc2 b5 22. g4 Nxg4 23. Rxd5 Rg6 24. Rhh5 Nf6 25. Rxc5 Qa8 26. Rh2 Qb8 27. Qf5 Ng4 28. Rh4 Nxf2 29. Rd4 Rf6 30. Qd7 Rfe6 31. Rc7 Rf6 32. Ne5 Rf8 33. Nc6 Qb6 34. Ne7+ Kh8 35. Nd5 Qa6 36. Nxf6 Qxf6 37. Rf4 Qg6+ 38. Ka1 f6 39. Rxf2 Qc2 40. Rxc2 1-0


[Site "https://www.chess.com"]

[Event "Titled Tuesday Blitz June 13 Late 2023"]
[White "Sairam, Pranav"]
[Black "Badelka, Olga"]
[WhiteFideId "30951330"]
[BlackFideId "13509926"]
[WhiteElo "1918"]
[BlackElo "2375"]
[Result "0-1"]
[Round "4"]
[TimeControl "180+2"]
[Date "2023.06.13"]
[WhiteClock "0:00:00"]
[BlackClock "0:00:25"]
[Board "146"]

1. e4 e5 2. Nf3 Nc6 3. Bb5 Nf6 4. d3 d6 5. O-O a6 6. Ba4 b5 7. Bb3 Na5 8. h3 Be7 9. Nc3 O-O 10. Ne2 Nxb3 11. axb3 c5 12. Ng3 Qc7 13. Be3 d5 14. Nd2 d4 15. Bg5 Ne8 16. f4 f6 17. Bh4 exf4 18. Nf5 g5 19. Nxe7+ Qxe7 20. Bf2 Nd6 21. b4 cxb4 22. Bxd4 Nf7 23. Nb3 Rd8 24. Bc5 Qc7 25. Bxb4 Ne5 26. Kh1 Qf7 27. Nd2 g4 28. Rxf4 gxh3 29. Qg1 Kh8 30. d4 hxg2+ 31. Qxg2 Rg8 32. Qe2 Ng4 33. Nf3 Qh5+ 34. Nh2 Be6 35. Raf1 Bc4 36. Qe3 Bxf1 0-1


[Site "https://www.chess.com"]

[Event "Titled Tuesday Blitz June 13 Late 2023"]
[White "Arun, Siddharth"]
[Black "Estrada Nieto, Julian"]
[WhiteFideId "2079178"]
[BlackFideId "5101018"]
[WhiteElo "2348"]
[BlackElo "2161"]
[Result "0-1"]
[Round "4"]
[TimeControl "180+2"]
[Date "2023.06.13"]
[WhiteClock "0:00:00"]
[BlackClock "0:00:16"]
[Board "147"]

1. d4 d5 2. Nc3 Nf6 3. Bf4 c6 4. e3 Bf5 5. f3 e6 6. g4 Bg6 7. h4 h5 8. g5 Nfd7 9. Bd3 Bxd3 10. Qxd3 g6 11. Qd2 Bg7 12. Qh2 O-O 13. Nge2 Na6 14. O-O-O Re8 15. Be5 Nxe5 16. dxe5 Qb6 17. e4 Qe3+ 18. Kb1 Nc5 19. b4 Nd7 20. f4 a5 21. b5 Nc5 22. Qg3 Qxg3 23. Nxg3 Red8 24. exd5 cxd5 25. Nce2 Rac8 26. Nd4 Na4 27. Rd3 Rc4 28. Nge2 Rdc8 29. Rhh3 Nc5 30. Rc3 Ne4 31. Rxc4 Rxc4 32. Ra3 a4 33. Rd3 Bf8 34. a3 Bc5 35. Ka2 Kf8 36. c3 Nxc3+ 37. Rxc3 Rxc3 38. Nxe6+ fxe6 39. Nxc3 Be3 40. Ne2 Bf2 41. Kb2 Bxh4 42. Kc3 Be1+ 43. Kd3 h4 44. Ng1 Ke7 45. Nf3 Bg3 46. Ke2 Bxf4 47. Nxh4 Kf7 48. Nf3 Bc1 49. Kd3 Bxa3 50. Kc3 Be7 0-1


[Site "https://www.chess.com"]

[Event "Titled Tuesday Blitz June 13 Late 2023"]
[White "whiteglovethief"]
[Black "Francisco_Ferrari"]
[WhiteElo "2493"]
[BlackElo "2346"]
[Result "1-0"]
[Round "4"]
[TimeControl "180+2"]
[Date "2023.06.13"]
[WhiteClock "0:01:02"]
[BlackClock "0:00:05"]
[Board "148"]

1. d4 Nf6 2. c4 e6 3. Nf3 d5 4. g3 Be7 5. Bg2 O-O 6. O-O dxc4 7. Ne5 Nc6 8. Nxc6 bxc6 9. Nc3 Rb8 10. Bxc6 Bb7 11. Bxb7 Rxb7 12. Rb1 c5 13. e3 Rd7 14. Qa4 cxd4 15. exd4 Rxd4 16. Be3 Rd3 17. Qxc4 Qd7 18. Rfd1 Rxd1+ 19. Rxd1 Qb7 20. Qb5 Qxb5 21. Nxb5 Rb8 22. Nxa7 Rxb2 23. Nc6 Kf8 24. a4 Nd5 25. Bd4 Ra2 26. Rb1 Bd6 27. Bc5 Bxc5 28. Rb8# 1-0


[Site "https://www.chess.com"]

[Event "Titled Tuesday Blitz June 13 Late 2023"]
[White "Koutlas, Nikolaos"]
[Black "Korpics, Zsolt"]
[WhiteFideId "25827138"]
[BlackFideId "705241"]
[WhiteElo "2215"]
[BlackElo "2330"]
[Result "1-0"]
[Round "4"]
[TimeControl "180+2"]
[Date "2023.06.13"]
[WhiteClock "0:01:13"]
[BlackClock "0:00:00"]
[Board "149"]

1. Nf3 Nf6 2. b3 g6 3. Bb2 Bg7 4. g3 O-O 5. Bg2 d5 6. O-O c5 7. e3 Nc6 8. d4 cxd4 9. exd4 Bg4 10. h3 Bxf3 11. Qxf3 Rc8 12. c3 e6 13. Nd2 b5 14. Rfd1 Qb6 15. Qe3 Ne8 16. Nf3 Nd6 17. Rac1 Rfd8 18. g4 Re8 19. Ne1 Rcd8 20. Nd3 e5 21. dxe5 Qxe3 22. fxe3 Nxe5 23. Bxd5 Nxd3 24. Rxd3 Bh6 25. Rcd1 Nb7 26. Bxb7 Bxe3+ 27. Kg2 Rb8 28. Bd5 Bh6 29. Bf3 Bg7 30. R1d2 Bh6 31. Re2 Rxe2+ 32. Bxe2 Re8 33. Bf3 Bg7 34. Bc1 Rc8 35. Bd2 a5 36. c4 bxc4 37. bxc4 Rxc4 38. Rd8+ Bf8 39. Bh6 Rc2+ 40. Kg3 1-0


[Site "https://www.chess.com"]

[Event "Titled Tuesday Blitz June 13 Late 2023"]
[White "Rottenwohrer Suarez, Juan"]
[Black "Gonzalez Vega, Alejandro"]
[WhiteFideId "32068182"]
[BlackFideId "3510042"]
[WhiteElo "2174"]
[BlackElo "2318"]
[Result "0-1"]
[Round "4"]
[TimeControl "180+2"]
[Date "2023.06.13"]
[WhiteClock "0:00:00"]
[BlackClock "0:00:58"]
[Board "150"]

1. d4 d5 2. c4 e6 3. Nc3 Nf6 4. cxd5 exd5 5. Bg5 Nbd7 6. e3 c6 7. Bd3 Bd6 8. Nge2 h6 9. Bh4 O-O 10. h3 Re8 11. O-O Nf8 12. Rb1 a5 13. a3 Ne6 14. b4 axb4 15. axb4 b5 16. Bc2 Ng5 17. Ng3 Ra3 18. Qd3 g6 19. Nce2 Rxd3 0-1


[Site "https://www.chess.com"]

[Event "Titled Tuesday Blitz June 13 Late 2023"]
[White "Ai, Evan"]
[Black "Ardila, Oscar Humberto"]
[WhiteFideId "2094770"]
[BlackFideId "4404742"]
[WhiteElo "1963"]
[BlackElo "1912"]
[Result "1-0"]
[Round "4"]
[TimeControl "180+2"]
[Date "2023.06.13"]
[WhiteClock "0:02:08"]
[BlackClock "0:02:03"]
[Board "151"]

1. e4 e5 2. Nf3 Nf6 3. Nxe5 d6 4. Nf3 Nxe4 5. Nc3 Nxc3 6. dxc3 Be7 7. Be3 O-O 8. Qd2 Nd7 9. O-O-O Nf6 10. Bd3 c5 11. h3 b5 12. Bxb5 Rb8 13. Bd3 Qb6 14. b3 Qa5 15. Kb1 Nd5 16. Bxh7+ Kxh7 17. Qxd5 Qxc3 18. Qe4+ Kg8 19. Qxe7 c4 20. Bd4 Qb4 21. Bxg7 Kxg7 22. Qg5+ Kh8 23. Rd4 1-0


[Site "https://www.chess.com"]

[Event "Titled Tuesday Blitz June 13 Late 2023"]
[White "Krishnakumar, Sriram"]
[Black "SalihEke"]
[WhiteFideId "30915856"]
[WhiteElo "2481"]
[BlackElo "2298"]
[Result "1/2-1/2"]
[Round "4"]
[TimeControl "180+2"]
[Date "2023.06.13"]
[WhiteClock "0:00:20"]
[BlackClock "0:00:13"]
[Board "152"]

1. e4 e5 2. Nf3 Nc6 3. Bc4 Bc5 4. c3 Nf6 5. d3 d6 6. O-O h6 7. a4 a5 8. Nbd2 O-O 9. h3 Be6 10. Re1 Qd7 11. Bxe6 Qxe6 12. Nf1 Rad8 13. Be3 Bxe3 14. Nxe3 d5 15. exd5 Nxd5 16. Nc4 f6 17. Qb3 Nf4 18. d4 Nxh3+ 19. gxh3 Qxh3 20. Ncxe5+ Kh7 21. Qc2+ f5 22. Qd3 Kg8 23. Qf1 Qh5 24. Qg2 Rd6 25. Kf1 Rff6 26. Nxc6 Rxc6 27. Ne5 Rcd6 28. Re3 Rb6 29. Nd7 Rg6 30. Qd5+ Kh7 31. Nxb6 cxb6 32. Rg3 f4 33. Rxg6 Qxd5 34. Rg2 f3 35. Rg3 Qh5 36. Kg1 g5 37. Re1 Qf7 38. Re3 Qb3 39. Rexf3 Qxa4 40. Rf7+ Kg6 41. Rxb7 Qb5 42. b4 axb4 43. cxb4 Qxb4 44. d5 h5 45. Rc7 Qe1+ 46. Kg2 Qe4+ 47. Kg1 Qxd5 48. Rgc3 h4 49. R7c6+ Kh5 50. Rxb6 Qd1+ 51. Kg2 Qg4+ 52. Kf1 h3 53. Rxh3+ Qxh3+ 54. Kg1 Qg4+ 55. Kf1 Qd1+ 56. Kg2 Qd5+ 57. Kg1 Kh4 58. Ra6 Qd1+ 59. Kg2 Qg4+ 60. Kh2 Qf4+ 61. Kg1 Qg4+ 62. Kh2 Qc4 63. Ra3 Qc7+ 64. Rg3 g4 65. Kg2 Qc6+ 66. Kg1 Qe4 67. Re3 Qf4 68. Rg3 Qxg3+ 69. fxg3+ Kxg3 70. Kh1 Kh3 71. Kg1 g3 72. Kh1 g2+ 73. Kg1 Kg3 1/2-1/2


[Site "https://www.chess.com"]

[Event "Titled Tuesday Blitz June 13 Late 2023"]
[White "Yurasova, Daria"]
[Black "Matsuura, Frederico"]
[WhiteFideId "34146919"]
[BlackFideId "2107848"]
[WhiteElo "2109"]
[BlackElo "2302"]
[Result "0-1"]
[Round "4"]
[TimeControl "180+2"]
[Date "2023.06.13"]
[WhiteClock "0:00:02"]
[BlackClock "0:00:01"]
[Board "153"]

1. d4 e6 2. e4 d5 3. Nd2 Be7 4. c3 c5 5. Ngf3 cxd4 6. Nxd4 Nc6 7. Bb5 Qb6 8. O-O Nf6 9. exd5 Nxd5 10. Nc4 Qc7 11. Qg4 O-O 12. Bxc6 bxc6 13. Qg3 Qxg3 14. hxg3 c5 15. Nc6 Bf6 16. Rd1 Bb7 17. N6e5 Rfd8 18. Ng4 Be7 19. Nge3 Nxe3 20. Bxe3 f6 21. Nd2 Bd5 22. Nb3 Rdc8 23. Rd2 Kf7 24. Rad1 c4 25. Nd4 a6 26. Ne2 Rab8 27. Nf4 Be4 28. f3 Ba8 29. Ne2 Bd5 30. Nd4 Rb7 31. Re2 Rcb8 32. Rdd2 g6 33. f4 h5 34. Nf3 Be4 35. Bd4 Bd3 36. Rf2 Bd6 37. Ne1 Ke7 38. Nxd3 cxd3 39. b4 a5 40. Rxd3 axb4 41. cxb4 Bxb4 42. Re2 Rd7 43. Re1 Rbd8 44. Red1 e5 45. fxe5 fxe5 46. Re3 Rxd4 47. Rxd4 Rxd4 48. Rxe5+ Kf6 49. Rb5 Bd6 50. Rb6 Kf5 51. Rb5+ Be5 52. Kh2 Rd3 53. Kh1 Rxg3 54. a4 Ra3 55. Kg1 Rxa4 56. Rb8 Bxb8 57. g4+ Rxg4+ 0-1


[Site "https://www.chess.com"]

[Event "Titled Tuesday Blitz June 13 Late 2023"]
[White "Krasteva, Beloslava"]
[Black "Uzcategui Rodriguez, Alejandro"]
[WhiteFideId "2922029"]
[BlackFideId "3903400"]
[WhiteElo "2187"]
[BlackElo "2252"]
[Result "0-1"]
[Round "4"]
[TimeControl "180+2"]
[Date "2023.06.13"]
[WhiteClock "0:00:03"]
[BlackClock "0:00:32"]
[Board "154"]

1. d4 d6 2. c4 e5 3. d5 f5 4. e4 fxe4 5. Nc3 Nf6 6. Nge2 g6 7. Ng3 Bg7 8. Ngxe4 O-O 9. Bg5 Nbd7 10. Qd2 Qe8 11. Bd3 Nxe4 12. Nxe4 Nf6 13. O-O Nxe4 14. Bxe4 Bf5 15. Rae1 Bxe4 16. Rxe4 Rf5 17. f4 Qf7 18. Rfe1 Rf8 19. g4 Rxg5 20. fxg5 Qf3 21. Qe2 Qh3 22. Qe3 Qh4 23. b4 h6 24. Qxa7 b6 25. Rf1 Rxf1+ 26. Kxf1 Qxh2 27. Re3 Qf4+ 28. Ke2 Qxc4+ 29. Kf2 e4 30. Qa8+ Kh7 31. Qc6 Qxa2+ 32. Re2 Bd4+ 33. Kf1 Qb1+ 34. Re1 Qd3+ 35. Re2 Qh3+ 36. Ke1 Bc3+ 37. Kd1 Qd3+ 38. Kc1 Bg7 39. Qxc7 Qxe2 40. gxh6 Kxh6 41. Qxd6 Qb2+ 42. Kd1 Qb1+ 43. Ke2 Qd3+ 44. Kf2 Bd4+ 45. Kg2 Qf3+ 46. Kh2 Qf2+ 47. Kh1 Qg1# 0-1


[Site "https://www.chess.com"]

[Event "Titled Tuesday Blitz June 13 Late 2023"]
[White "Zaitsev, Alexander"]
[Black "SicilianPanzer"]
[WhiteFideId "4164490"]
[WhiteElo "2373"]
[BlackElo "2246"]
[Result "1-0"]
[Round "4"]
[TimeControl "180+2"]
[Date "2023.06.13"]
[WhiteClock "0:00:31"]
[BlackClock "0:00:08"]
[Board "155"]

1. e4 e6 2. d4 d5 3. exd5 exd5 4. Nf3 Nc6 5. Bb5 Bd6 6. c4 dxc4 7. d5 a6 8. Ba4 b5 9. dxc6 bxa4 10. Qxa4 Be6 11. Nbd2 c3 12. bxc3 Nf6 13. O-O O-O 14. Nc4 Bc5 15. Rd1 Nd5 16. Qa5 Qe7 17. Bg5 f6 18. Bh4 Nf4 19. Ne3 Bb6 20. Qb4 Qf7 21. Qxf4 1-0


[Site "https://www.chess.com"]

[Event "Titled Tuesday Blitz June 13 Late 2023"]
[White "krucki03"]
[Black "Martinez, Ayelen"]
[BlackFideId "118702"]
[WhiteElo "2466"]
[BlackElo "2074"]
[Result "1-0"]
[Round "4"]
[TimeControl "180+2"]
[Date "2023.06.13"]
[WhiteClock "0:00:20"]
[BlackClock "0:00:05"]
[Board "156"]

1. c4 Nf6 2. Nc3 g6 3. g4 d6 4. g5 Nfd7 5. b3 Bg7 6. Bb2 c5 7. Bg2 Nc6 8. h4 h5 9. e3 Rb8 10. Nge2 Nce5 11. d4 cxd4 12. exd4 Ng4 13. Qd2 a6 14. f3 b5 15. cxb5 Bb7 16. bxa6 Ba8 17. Rg1 Nh2 18. Qf4 e5 19. Qxh2 exd4 20. Qxd6 dxc3 21. Nxc3 Rb6 22. Qd3 Re6+ 23. Kf1 Qb6 24. Nd5 Bxd5 25. Bxg7 Rg8 26. Qxd5 Qxa6+ 27. Qc4 Qxc4+ 28. bxc4 Rxg7 29. f4 f6 30. Bd5 Ra6 31. Kf2 fxg5 32. Rxg5 Rf6 33. Re1+ Kd8 34. Kg3 Nc5 35. a4 Nxa4 36. Ra1 Nb6 37. Ra6 Nxd5 38. Rxd5+ Ke7 39. Ra7+ 1-0


[Site "https://www.chess.com"]

[Event "Titled Tuesday Blitz June 13 Late 2023"]
[White "Quirke, Jeffrey"]
[Black "SergioMoralesG"]
[WhiteFideId "2013029"]
[WhiteElo "2231"]
[BlackElo "2464"]
[Result "0-1"]
[Round "4"]
[TimeControl "180+2"]
[Date "2023.06.13"]
[WhiteClock "0:00:08"]
[BlackClock "0:00:18"]
[Board "157"]

1. e4 e5 2. d4 exd4 3. Qxd4 Nc6 4. Qe3 Nf6 5. Bd2 Bb4 6. a3 Bxd2+ 7. Nxd2 O-O 8. O-O-O Re8 9. Qg3 Nxe4 10. Nxe4 Rxe4 11. Bd3 Re8 12. Nf3 h6 13. Rhe1 d6 14. Rxe8+ Qxe8 15. Re1 Qd8 16. Bc4 Bf5 17. Qf4 Qf6 18. g4 Bd7 19. Qg3 Nd4 20. Nxd4 Qxd4 21. Re7 Qxc4 22. Rxd7 Re8 23. b3 Re1+ 24. Kd2 Re2+ 25. Kc1 Qxc2# 0-1


[Site "https://www.chess.com"]

[Event "Titled Tuesday Blitz June 13 Late 2023"]
[White "Chemin, Justo Reinaldo"]
[Black "marik_spb"]
[WhiteFideId "2101580"]
[WhiteElo "1940"]
[BlackElo "2464"]
[Result "0-1"]
[Round "4"]
[TimeControl "180+2"]
[Date "2023.06.13"]
[WhiteClock "0:00:00"]
[BlackClock "0:00:12"]
[Board "158"]

1. d4 Nf6 2. Nf3 e6 3. b3 b6 4. Bb2 Bb7 5. Nbd2 Be7 6. e3 O-O 7. Bd3 d5 8. O-O Nbd7 9. Qe2 Ne4 10. c4 f5 11. Rac1 Bb4 12. a3 Bd6 13. b4 c5 14. cxd5 exd5 15. dxc5 bxc5 16. bxc5 Ndxc5 17. Bb1 Rb8 18. Be5 Ba6 19. Qd1 Bxf1 20. Nxf1 Bxe5 21. Nxe5 Qd6 22. f4 Rxb1 23. Rxb1 Nc3 24. Qc2 Nxb1 25. Qxb1 Nd7 26. Nf3 h6 27. Qb7 Nc5 28. Qxa7 Ne6 29. Ne5 d4 30. exd4 Qxd4+ 31. Qxd4 Nxd4 32. Ne3 Rb8 0-1


[Site "https://www.chess.com"]

[Event "Titled Tuesday Blitz June 13 Late 2023"]
[White "campochess"]
[Black "Jonkman, Harmen"]
[BlackFideId "1002708"]
[WhiteElo "2216"]
[BlackElo "2368"]
[Result "1-0"]
[Round "4"]
[TimeControl "180+2"]
[Date "2023.06.13"]
[WhiteClock "0:00:51"]
[BlackClock "0:00:00"]
[Board "159"]

1. d4 e6 2. Nf3 Nf6 3. c4 Bb4+ 4. Nc3 O-O 5. g3 b6 6. Bg2 Bb7 7. O-O Bxc3 8. bxc3 d6 9. d5 e5 10. Nd2 Qe7 11. e4 Nfd7 12. f4 f5 13. Bh3 exf4 14. gxf4 Nc5 15. Bxf5 g6 16. Qg4 Nbd7 17. Be6+ Nxe6 18. Qxe6+ Qxe6 19. dxe6 Nc5 20. f5 Nxe4 21. Nxe4 Bxe4 22. f6 Bf5 23. Rxf5 gxf5 24. Bg5 h6 25. Bh4 Rae8 26. f7+ Rxf7 27. exf7+ Kxf7 28. Rf1 Re4 29. Bd8 Rxc4 30. Rxf5+ Ke8 31. Bf6 Ra4 32. Bg7 Rxa2 33. Bxh6 Kd7 34. h4 a5 35. h5 a4 36. Bg5 1-0


[Site "https://www.chess.com"]

[Event "Titled Tuesday Blitz June 13 Late 2023"]
[White "Florianovitz, Derlei Alex"]
[Black "Przybylski, Wojciech"]
[WhiteFideId "2114178"]
[BlackFideId "1117599"]
[WhiteElo "1953"]
[BlackElo "2228"]
[Result "1/2-1/2"]
[Round "4"]
[TimeControl "180+2"]
[Date "2023.06.13"]
[WhiteClock "0:00:10"]
[BlackClock "0:00:09"]
[Board "160"]

1. e4 e5 2. Nf3 Nc6 3. Bb5 a6 4. Ba4 Nf6 5. O-O b5 6. Bb3 Be7 7. Re1 O-O 8. c3 d6 9. h3 Nb8 10. a4 Bb7 11. axb5 axb5 12. Rxa8 Bxa8 13. Bc2 c5 14. d4 cxd4 15. cxd4 Nbd7 16. Nbd2 Re8 17. Nf1 Bf8 18. Ng3 d5 19. exd5 exd4 20. Nxd4 Bxd5 21. Rxe8 Qxe8 22. Nxb5 Ne5 23. Nc7 Qd7 24. Nxd5 Nxd5 25. Be4 Nf6 26. Qxd7 Nexd7 27. Bf3 Ne5 28. Bb7 Nd3 29. Bg5 Nxb2 30. Bxf6 gxf6 31. Nf5 Nc4 32. g4 Bc5 33. Kg2 Kf8 34. Bd5 Ne5 35. f3 Nd3 36. Be4 Nf4+ 37. Kg3 Ne6 38. h4 Bb4 39. h5 Be1+ 40. Kg2 Nf4+ 41. Kf1 Ba5 42. h6 Bb6 43. Ke1 Bc5 44. Kd2 Kg8 45. Ng3 Ne6 46. Nh5 Bd4 47. Kd3 Bb2 48. Bf5 Ng5 49. f4 Nh3 50. Ke4 Bc1 51. Nxf6+ Kh8 52. Nh5 Bd2 53. Kf3 Bc1 54. Kg3 Ng1 55. Bd3 Be3 56. Kg2 Bd4 57. Ng3 Kg8 58. Nf5 Bc5 59. Ng3 Kh8 60. Ne4 Bd4 61. Nf2 f6 62. Kxg1 Be3 63. Kg2 Bxf4 64. Nh3 Bxh6 65. Kf3 Kg7 66. Ke4 Bd2 67. Kf5 h6 68. Bc4 Bc1 69. Be6 Bd2 70. Nf2 Be3 71. Ne4 h5 72. gxh5 Kh6 73. Nxf6 Bd4 74. Bf7 Bxf6 75. Kxf6 Kh7 76. Bg6+ Kh8 77. h6 Kg8 78. h7+ Kh8 79. Kf7 1/2-1/2


[Site "https://www.chess.com"]

[Event "Titled Tuesday Blitz June 13 Late 2023"]
[White "Bettalli, Francesco"]
[Black "Djordjevic, Dejan N"]
[WhiteFideId "2816453"]
[BlackFideId "913316"]
[WhiteElo "2216"]
[BlackElo "2261"]
[Result "1-0"]
[Round "4"]
[TimeControl "180+2"]
[Date "2023.06.13"]
[WhiteClock "0:00:39"]
[BlackClock "0:00:00"]
[Board "161"]

1. d4 Nf6 2. Nc3 d6 3. e4 g6 4. Bf4 Bg7 5. Qd2 h6 6. O-O-O a6 7. h4 b5 8. a3 Bb7 9. f3 Nfd7 10. Nge2 c5 11. g4 Nc6 12. Be3 b4 13. Na4 bxa3 14. dxc5 axb2+ 15. Kb1 Nce5 16. Qc3 O-O 17. Qb3 Rb8 18. Nb6 Nxf3 19. Bg2 Bxe4 20. Nc3 Bc6 21. Ncd5 Nfe5 22. g5 h5 23. Nf6+ exf6 24. Bxc6 Nxc6 25. Rxd6 Nce5 26. Rhd1 Qc7 27. Qa3 Nxb6 28. cxb6 Qb7 29. Qb3 fxg5 30. hxg5 Rbe8 31. Bc5 1-0


[Site "https://www.chess.com"]

[Event "Titled Tuesday Blitz June 13 Late 2023"]
[White "Papayan, Oleg"]
[Black "zano2023"]
[WhiteFideId "4193911"]
[WhiteElo "2167"]
[BlackElo "2094"]
[Result "1-0"]
[Round "4"]
[TimeControl "180+2"]
[Date "2023.06.13"]
[WhiteClock "0:00:23"]
[BlackClock "0:00:02"]
[Board "162"]

1. e4 e5 2. Nf3 d6 3. d4 f5 4. exf5 e4 5. Ng5 Bxf5 6. d5 h6 7. Ne6 Bxe6 8. dxe6 Nf6 9. c4 c6 10. Nc3 d5 11. cxd5 cxd5 12. Bb5+ Nc6 13. Qa4 Qd6 14. Bf4 Qxe6 15. O-O-O Be7 16. f3 a6 17. fxe4 Nxe4 18. Nxd5 Rc8 19. Bxc6+ Rxc6+ 20. Kb1 O-O 21. Rhe1 Qg4 22. Nxe7+ Kh8 23. Nxc6 Rxf4 24. Ne5 Qf5 25. Qe8+ Kh7 26. Nd3 Nd6 27. Qe6 Qxe6 28. Rxe6 Nc4 29. Nxf4 1-0


[Site "https://www.chess.com"]

[Event "Titled Tuesday Blitz June 13 Late 2023"]
[White "Lopez Perdomo, Juan David"]
[Black "Seletsky, Grigory"]
[WhiteFideId "4405137"]
[BlackFideId "14112191"]
[WhiteElo "1965"]
[BlackElo "2491"]
[Result "0-1"]
[Round "4"]
[TimeControl "180+2"]
[Date "2023.06.13"]
[WhiteClock "0:00:12"]
[BlackClock "0:00:50"]
[Board "163"]

1. d4 c5 2. d5 e5 3. dxe6 fxe6 4. e4 Nc6 5. Nc3 Nf6 6. Bg5 Be7 7. Nf3 O-O 8. a3 a6 9. Bc4 b5 10. Ba2 c4 11. b3 b4 12. Ne2 Nxe4 13. Bxe7 Qxe7 14. bxc4 bxa3 15. Qd3 Ng5 16. Nxg5 Qxg5 17. O-O Rf7 18. Ng3 Nb4 19. Qe4 Rb8 20. Bb3 Bb7 21. Qe1 Qc5 22. Qd2 Rbf8 23. Rxa3 a5 24. c3 Na6 25. Ra2 Qc6 26. Ba4 Qxg2# 0-1


[Site "https://www.chess.com"]

[Event "Titled Tuesday Blitz June 13 Late 2023"]
[White "Shapiro, Daniel"]
[Black "Kielinkei"]
[WhiteFideId "2001780"]
[WhiteElo "2325"]
[BlackElo "2450"]
[Result "0-1"]
[Round "4"]
[TimeControl "180+2"]
[Date "2023.06.13"]
[WhiteClock "0:00:00"]
[BlackClock "0:00:04"]
[Board "164"]

1. d4 Nf6 2. c4 e6 3. g3 c5 4. d5 exd5 5. cxd5 b5 6. Bg2 d6 7. e4 g6 8. Nd2 Bg7 9. e5 Nfd7 10. e6 Ne5 11. exf7+ Kxf7 12. Ndf3 Re8 13. Ne2 Kg8 14. O-O Bh3 15. Nf4 Bxg2 16. Kxg2 Nxf3 17. Qxf3 Qf6 18. Rb1 Nd7 19. Ne6 Qxf3+ 20. Kxf3 Ne5+ 21. Kg2 Rac8 22. b3 Bf6 23. Bb2 Nd7 24. Rfc1 Bxb2 25. Rxb2 Nb6 26. Nf4 g5 27. Nh5 Kf7 28. Rd2 Re5 29. Rcd1 Rce8 30. g4 c4 31. bxc4 bxc4 32. Ng3 c3 33. Rc2 Nxd5 34. Nf5 R8e6 35. Rd4 Nf4+ 36. Kf3 Ne2 37. Ra4 Kf6 38. Rxa7 d5 39. Ra4 Nf4 40. Nd4 Rb6 41. Rxc3 Rb2 42. a3 Ra2 43. Ra6+ Ke7 44. Rc7+ Kd8 45. Rb7 Kc8 46. Rxh7 Kb8 47. Rf6 Rxa3+ 0-1


[Site "https://www.chess.com"]

[Event "Titled Tuesday Blitz June 13 Late 2023"]
[White "liwadas82"]
[Black "Ziatdinov, Raset"]
[BlackFideId "2015323"]
[WhiteElo "2443"]
[BlackElo "2220"]
[Result "1-0"]
[Round "4"]
[TimeControl "180+2"]
[Date "2023.06.13"]
[WhiteClock "0:00:22"]
[BlackClock "0:00:00"]
[Board "165"]

1. e4 e6 2. d4 d5 3. Nd2 c5 4. Ngf3 cxd4 5. exd5 exd5 6. Nxd4 Nf6 7. N2f3 Bd6 8. Bb5+ Bd7 9. Bxd7+ Nbxd7 10. Nf5 O-O 11. O-O Bc7 12. Bg5 h6 13. Bh4 Ne5 14. Re1 Ng6 15. Bg3 Bxg3 16. hxg3 Qd7 17. N3d4 Rfe8 18. Qf3 Ne4 19. g4 Ng5 20. Qg3 Re4 21. f3 Rxe1+ 22. Rxe1 Re8 23. Kf1 a6 24. Qd6 Rxe1+ 25. Kxe1 Qxd6 26. Nxd6 b5 27. Kf2 Kf8 28. N4f5 Ne6 29. g3 Ne7 30. Ke3 Nc6 31. c3 Kg8 32. Nc8 Kh7 33. Nce7 Ne5 34. b3 g6 35. Nd6 1-0


[Site "https://www.chess.com"]